 Dungeon Crawl Stone Soup version 0.32-a0-975-g85d4e5bfdb (webtiles) character file.

Game seed: 9465356214183724672

4832 PriceMaster the Thaumaturge (level 10, -3/70 HPs)
             Began as a Spriggan Conjurer on Apr 19, 2024.
             Was a Priest of Sif Muna.
             Slain by an orc warrior
             ... wielding a +0 flail
              (13 damage)
             ... on level 9 of the Dungeon.
             The game lasted 00:17:02 (9683 turns).

PriceMaster the Thaumaturge (Spriggan Conjurer)     Turns: 9683, Time: 00:17:03

Health: -3/70      AC:  6    Str:  2 (5)  XL:     10   Next: 25%
Magic:  3/25       EV: 14    Int: 19 (21) God:    Sif Muna [***...]
Gold:   132        SH:  5    Dex: 14 (15) Spells: 15/29 levels left

rFire   . . .        i - +6 falchion "Killer Bee's Death" {elec, rElec}
rCold   . . .        (no shield)
rNeg    . . .        c - +0 acid dragon scales
rPois   .            (helmet restricted)
rElec   +            (no cloak)
rCorr   +            (gloves unavailable)
SInv    +            (boots unavailable)
Will    ++...        v - amulet of reflection Stlth
                     k - ring of willpower
HPRegen 0.31/turn    (no ring)
MPRegen 0.19/turn

%: reflection
@: berserking, very quick
A: very small, no large weapons, unfitting armour, see invisible, speed 3
a: Renounce Religion, Channel Magic, Forget Spell


You were on level 9 of the Dungeon.
You worshipped Sif Muna.
Sif Muna was most pleased with you.
You visited 2 branches of the dungeon, and saw 10 of its levels.

You collected 461 gold pieces.
You spent 329 gold pieces at shops.

Inventory:

Hand Weapons
 i - the +6 falchion "Killer Bee's Death" (weapon) {elec, rElec}
   (You took it off a goblin on level 2 of the Dungeon)

   rElec:     It insulates you from electricity.
Missiles
 o - a throwing net
Armour
 a - a +0 robe
 c - +0 acid dragon scales (worn)
Jewellery
 k - a ring of willpower (left hand)
 v - an amulet of reflection (around neck)
 z - an amulet of guardian spirit
 B - a ring of willpower
Wands
 p - a wand of iceblast (11)
 C - a wand of flame (39)
Scrolls
 b - 2 scrolls of torment
 d - a scroll of acquirement {unknown}
 f - a scroll of vulnerability
 j - 2 scrolls of fog
 l - 2 scrolls of teleportation
 m - a scroll of amnesia
 n - 2 scrolls of fear
 q - a scroll of noise
 r - 2 scrolls of immolation
 u - a scroll of enchant armour
 y - 3 scrolls of revelation
 A - a scroll of enchant weapon
Potions
 h - 3 potions of berserk rage
 s - a potion of degeneration
 t - 2 potions of enlightenment {unknown}
 w - 2 potions of cancellation
 x - a potion of attraction {unknown}


   Skills:
 + Level 2.7 Fighting
 + Level 4.2 Long Blades
 + Level 0.6 Armour
 + Level 5.5 Dodging
 + Level 5.7 Stealth
 + Level 1.2 Shields
 + Level 10.1 Spellcasting
 + Level 6.1 Conjurations
 + Level 6.0 Translocations
 + Level 3.2 Fire Magic
 + Level 0.2 Alchemy
 + Level 2.5 Evocations


You had 15 spell levels left.
You knew the following spells:

 Your Spells              Type           Power      Damage    Failure   Level
a - Magic Dart            Conj           100%       1d8       1%          1
b - Searing Ray           Conj           66%        2d6       3%          2
c - Volatile Blastmotes   Fire/Tloc      54%        2d14      12%         3
d - Fulminant Prism       Conj/Alch      10%        3d9       56%         4
e - Iskenderun's Mystic Conj/Tloc 32%            2d8        (+2d4     22%         4

Your spell library contained the following spells:

 Spells                   Type           Power      Damage    Failure   Level
 Apportation              Tloc           64%        N/A       2%          1
 Sting                    Conj/Alch      84%        1d8       7%          1
 Necrotise                Necr           36%        1d5       26%         1
 Summon Small Mammal      Summ           36%        N/A       26%         1
 Cigotuvi's Dreadful Rot  Necr/Alch/Air  18%        N/A       36%         2
 Summon Ice Beast         Ice/Summ       9%         N/A       61%         3
 Ignite Poison            Fire/Alch      16%        N/A       77%         4
 Freezing Cloud           Conj/Ice/Air   8%         6-21      97%         5
 Summon Mana Viper        Hex/Summ       9%         N/A       100%        5
 Monstrous Menagerie      Summ           4%         N/A       100%        7


Dungeon Overview and Level Annotations

Branches:
Dungeon (9/15)             Temple (1/1) D:4
   Lair: D:8-11         Orc: D:9-12

Altars:
Ashenzari
Cheibriados
Dithmenos
Elyvilon
Fedhas
Gozag
Hepliaklqana
Kikubaaqudgha
Makhleb
Nemelex Xobeh
Okawaru
Ru
Sif Muna
Trog
Vehumet
Wu Jian
Xom
Yredelemnul
Zin
The Shining One

Shops:
D:2 *   D:4 *   D:7 (!(*   D:8 *


Innate Abilities, Weirdness & Mutations

You are very small and have problems with some larger weapons.
You are too small for most types of armour.
You have supernaturally acute eyesight. (SInv)
You cover ground extremely quickly. (Speed+++)


Message History

The orc warrior is lightly wounded.
Found a blossoming altar of Fedhas.
Casting: Magic Dart (safe; 1% risk of failure)
Confirm with . or Enter, or press ? or * to list all spells.
Aiming: Magic Dart (safe; 1% risk of failure)
Press: ? - help, Shift-Dir - straight line, f/p - orc warrior
Aim: an orc warrior, wielding a +0 flail and wearing a +0 plate armour (lightly wounded, 100% to hit)
Okay, then.
As you read the scroll labelled YQUN PUAFEO, it crumbles to dust.
Your body is wracked with pain!
* * * LOW HITPOINT WARNING * * *
The killer bee convulses!
The orc warrior convulses!
It was a scroll of torment.
Okay, then.
It was a potion of cancellation.
Your magical effects are unravelling.
You feel magically purged.
You feel yourself slow down.
It was a potion of degeneration.
There was something very wrong with that liquid.
You feel weakened.
You feel dopey.
You feel clumsy.
It was a potion of berserk rage.
A red film seems to cover your vision as you go berserk!
You feel yourself moving faster!
You feel mighty! The killer bee stings you.
* * * LOW HITPOINT WARNING * * *
The killer bee stings you.
* * * LOW HITPOINT WARNING * * *
You slash the killer bee!
Lightning courses through the killer bee!
You kill the killer bee!
Sif Muna accepts your kill.
You see here a killer bee corpse.
You are too berserk!
Unknown command.
You are too berserk!
You are too berserk!
Unknown command.
You feel a strong urge to attack something.
The orc warrior hits you with a +0 flail!
You die...

#.##.#####
#.##.....##
..###o....###
#####.........
#.......##
###.......#
##........##
##oh##.......#
##@.##.........
##†.###.......##
#..## #.......#
#.## ##..^..##
#.# ##...##
#.....# ####
#.._..# #.....#
#######


You could see an orc warrior and a howler monkey.

Vanquished Creatures
  Pikel (D:6)
  An ugly thing (D:8)
  Maggie (D:7)
  A shadow (D:8)
  3 vampire mosquitoes (D:8)
  2 ice beasts
  An ogre (D:6)
  2 orc warriors
  4 black bears
  3 centaurs
  Blork the orc (D:6)
  2 kobold brigands
  3 scorpions
  3 bullfrogs
  5 wights
  A killer bee (D:9)
  A howler monkey (D:9)
  A bombardier beetle (D:4)
  3 hounds
  5 jellies
  A gnoll bouda (D:7)
  3 orc priests
  4 iguanas
  Ijyb (D:3)
  Natasha (thrice) (D:3)
  13 orc wizards
  7 gnolls
  4 adders
  3 shadow imps
  3 white imps (D:7)
  2 dart slugs
  A ribbon worm (D:3)
  40 orcs
  4 ball pythons
  2 bats (D:3)
  3 endoplasms
  A giant cockroach (D:4)
  4 goblins
  A hobgoblin (D:2)
  7 jackals
  2 quokkas
  4 frilled lizards
  9 kobolds
  A rat (D:3)
  2 fulminant prisms (D:8)
169 creatures vanquished.

Vanquished Creatures (collateral kills)
  A sky beast (D:6)
  An orc (D:6)
2 creatures vanquished.

Vanquished Creatures (others)
  A lemure (D:6)
  A hobgoblin (D:4)
  8 fulminant prisms
10 creatures vanquished.

Grand Total: 181 creatures vanquished

Notes
Turn   | Place    | Note
-------+----------+-------------------------------------------
     0 | D:1      | PriceMaster the Spriggan Conjurer began the quest for the
                  | Orb.
     0 | D:1      | Reached XP level 1. HP: 9/9 MP: 5/5
     2 | D:1      | Noticed a shadow dragon
     5 | D:1      | Noticed a golden dragon
     6 | D:1      | Noticed an ice dragon
     8 | D:1      | Noticed an iron dragon
    11 | D:1      | Noticed an orb of fire
    11 | D:1      | Noticed an iron dragon
    13 | D:1      | Noticed a yellow draconian
    13 | D:1      | Noticed an orb of fire
    15 | D:1      | Noticed an iron dragon
    15 | D:1      | Noticed an orb of fire
    15 | D:1      | Noticed a tentacled monstrosity
    18 | D:1      | Noticed an ice dragon
    18 | D:1      | Noticed a golden dragon
    18 | D:1      | Noticed an iron dragon
    20 | D:1      | Noticed an iron dragon
    20 | D:1      | Noticed a shadow dragon
    22 | D:1      | Noticed an ice dragon
   117 | D:1      | Found a faded altar of an unknown god.
   284 | D:1      | Reached XP level 2. HP: 10/13 MP: 0/6
   578 | D:2      | Found Laripn's Assorted Antiques.
   582 | D:2      | Bought a scroll labelled KOGGAVV QAXTY for 25 gold pieces
   745 | D:2      | Identified the +6 falchion "Killer Bee's Death" {elec,
                  | rElec}
   805 | D:2      | Reached skill level 3 in Spellcasting
  1160 | D:3      | Noticed Natasha
  1194 | D:3      | Killed Natasha
  1195 | D:3      | Reached XP level 3. HP: 16/16 MP: 8/8
  1338 | D:3      | Noticed Ijyb
  1343 | D:3      | Killed Ijyb
  1344 | D:3      | Reached XP level 4. HP: 20/21 MP: 9/9
  1530 | D:3      | Noticed Natasha
  1538 | D:3      | Killed Natasha
  1660 | D:3      | Noticed Natasha
  1664 | D:3      | Killed Natasha
  1665 | D:3      | Reached XP level 5. HP: 24/24 MP: 8/11
  2060 | D:4      | Noticed a black bear
  2093 | D:4      | Killed a black bear
  2094 | D:4      | Reached skill level 1 in Long Blades
  2094 | D:4      | Reached XP level 6. HP: 25/28 MP: 1/12
  2372 | D:4      | Reached skill level 1 in Fighting
  2551 | D:4      | Found Emun's Assorted Antiques.
  2632 | D:4      | Found a staircase to the Ecumenical Temple.
  2714 | D:4      | Reached skill level 5 in Stealth
  2714 | D:4      | Reached skill level 4 in Spellcasting
  2845 | Temple   | Entered the Ecumenical Temple
  2856 | Temple   | Became a worshipper of Sif Muna the Loreminder
  2917 | D:5      | Entered Level 5 of the Dungeon
  3186 | D:5      | Reached XP level 7. HP: 21/33 MP: 14/14
  3332 | D:5      | Learned a level 2 spell: Searing Ray
  3336 | D:5      | Learned a level 3 spell: Volatile Blastmotes
  3957 | D:5      | Found a shadowy altar of Dithmenos.
  4212 | D:6      | Reached skill level 5 in Spellcasting
  4336 | D:6      | Reached * piety under Sif Muna
  4589 | D:6      | Noticed Pikel
  4616 | D:6      | Reached XP level 8. HP: 37/37 MP: 7/17
  4618 | D:6      | Reached skill level 5 in Conjurations
  4624 | D:6      | Killed Pikel
  4625 | D:6      | Reached skill level 6 in Spellcasting
  4625 | D:6      | Reached skill level 1 in Fire Magic
  4813 | D:6      | Reached skill level 1 in Evocations
  4944 | D:6      | Reached skill level 7 in Spellcasting
  5167 | D:6      | Reached XP level 9. HP: 42/42 MP: 15/21
  5324 | D:6      | Noticed Blork the orc
  5365 | D:6      | Reached skill level 5 in Dodging
  5373 | D:6      | Killed Blork the orc
  5561 | D:6      | Reached skill level 8 in Spellcasting
  6492 | D:7      | Found Caes's Antique Weapon Boutique.
  6498 | D:7      | Reached ** piety under Sif Muna
  6896 | D:7      | Noticed Maggie
  6927 | D:7      | Killed Maggie
  6928 | D:7      | Reached skill level 1 in Shields
  7230 | D:7      | Reached skill level 9 in Spellcasting
  7465 | D:7      | Found Muischaum's Distillery.
  7465 | D:7      | Found Detoh's Weapon Emporium.
  7465 | D:7      | Found Voraak's General Store.
  7471 | D:7      | Bought a potion of curing for 48 gold pieces
  7471 | D:7      | Bought a potion of haste for 160 gold pieces
  7471 | D:7      | Bought a potion of curing for 48 gold pieces
  7471 | D:7      | Bought a potion of curing for 48 gold pieces
  7617 | D:8      | Noticed a red ugly thing
  7750 | D:8      | HP: 2/43 [vampire mosquito (8)]
  7757 | D:8      | Killed a red ugly thing
  7757 | D:8      | HP: 2/43 [vampire mosquito (6)]
  7758 | D:8      | Reached skill level 5 in Translocations
  7803 | D:8      | Reached XP level 10. HP: 16/47 MP: 16/24
  7811 | D:8      | Learned a level 4 spell: Fulminant Prism
  7816 | D:8      | Learned a level 4 spell: Iskenderun's Mystic Blast
  8595 | D:8      | HP: 2/47 [orc/puff of flame (10)]
  8951 | D:8      | Found Tolesuq's Assorted Antiques.
  9417 | D:8      | Reached skill level 10 in Spellcasting
  9639 | D:9      | Reached *** piety under Sif Muna
  9671 | D:9      | Found a blossoming altar of Fedhas.
  9683 | D:9      | Slain by an orc warrior

Illustrated notes

Levels and vault maps discovered:
D:1:      shiori_arrival_whats_in_store_for_you, layout_rooms,
          shapermc_ecumenical_altar_gd
D:2:      layout_rooms, serial_shops, nicolae_shop_hallway_stairs
D:3:      layout_rooms, nicolae_concentric_dashed_squares_wild, feat_on_display,
          uniq_ijyb, uniq_natasha
D:4:      cheibrodos_pilgrimage, layout_cave_pools, lemuel_temple_firewalk_a,
          serial_shops, shop
D:5:      layout_basic, kennysheep_mini
D:6:      layout_gridville, minmay_holes, minmay_starry_boxes,
          uniq_blork_the_orc, uniq_pikel
D:7:      layout_basic, minmay_misc_feat_rugged, nicolae_wooded_promenade,
          kb_lookout_dungeons_type, minmay_misc_feat_room, uniq_maggie
D:8:      layout_basic, serial_shops, shop, minmay_crystal_room
D:9:      layout_rooms, mainiacjoe_overflow_alcove_2,
          mainiacjoe_overflow_surrounded_room, kennysheep_generic_room_16
Temple:   mainiacjoe_temple_coin_purse

Skill      XL: |  1  2  3  4  5  6  7  8  9 10 |
---------------+-------------------------------+-----
Conjurations   | 3 4 5 6 |  6.1
Spellcasting   | 3 4 5 7 9 10 | 10.1
Dodging        | 3 4 5 |  5.5
Stealth        | 4 5 |  5.7
Long Blades    | 1 2 3 4 |  4.2
Fighting       | 1 2 |  2.7
Translocations | 2 5 6 |  6.0
Fire Magic     | 1 3 |  3.2
Evocations     | 2 |  2.5
Shields        | 1 |  1.2
Armour         | |  0.6
Alchemy        | |  0.2

Action                     |  1- 3 |  4- 6 |  7- 9 | 10-12 || total
---------------------------+-------+-------+-------+-------++-------
  Melee: Unarmed           |     8 |       |       |       ||     8
         Falchion          |    21 |    44 |    57 |    17 ||   139
   Cast: Magic Dart        |    34 |    66 |   126 |    16 ||   242
         Volatile Blastmot |       |       |    48 |    22 ||    70
         Searing Ray       |       |       |    23 |     5 ||    28
         Fulminant Prism   |       |       |       |    10 ||    10
         Iskenderun's Myst |       |       |       |     3 ||     3
  Evoke: Wand              |       |     1 |     5 |       ||     6
    Use: Potion            |     1 |     1 |     6 |     6 ||    14
         Scroll            |     1 |       |    12 |     1 ||    14
   Stab: Sleeping          |     2 |       |     1 |       ||     3
 Armour: Robe              |    18 |    20 |    42 |       ||    80
         Acid dragon scale |       |       |    12 |    28 ||    40
  Dodge: Dodged            |    45 |    42 |    91 |    33 ||   211
  Block: Other             |       |       |    17 |     8 ||    25
         Reflection        |       |       |     4 |     1 ||     5

Table legend: (Time is in decaauts)
 A = Elapsed time spent in this place.
 B = Non-inter-level travel time spent in this place.
 C = Inter-level travel time spent in this place.
 D = Time resting spent in this place.
 E = Time spent auto-exploring this place.
 F = Levels seen in this place.
 G = Mean time per level.
                   A        B        C        D        E       F      G
               +--------+--------+--------+--------+--------+-----+--------+
         Total |   7725 |   7561 |    164 |   1256 |   4964 |  10 |  772.5 |
       Dungeon |   7712 |   7558 |    154 |   1256 |   4964 |   9 |  856.9 |
        Temple |     13 |      3 |     10 |      0 |      0 |   1 |   13.0 |
               +--------+--------+--------+--------+--------+-----+--------+

Top non-repeatable levels by time:
     D:8: 1798 daAuts
     D:6: 1469 daAuts
     D:7: 1203 daAuts
     D:5: 1006 daAuts
     D:4: 910 daAuts
     D:3: 522 daAuts
     D:1: 432 daAuts
     D:2: 321 daAuts
     D:9: 48 daAuts
  Temple: 13 daAuts
